 Dungeon Crawl Stone Soup version 0.31-a0-232-gb1c03b2570 (webtiles) character file.

Game seed: 4150119247204370130

294 qw the Shooter (level 6, 0/40 HPs)
             Began as a Gargoyle Hexslinger on July 7, 2023.
             Slain by a hound (3 damage)
             ... on level 4 of the Dungeon.
             The game lasted 00:01:20 (2712 turns).

qw the Shooter (Gargoyle Hexslinger)                Turns: 2712, Time: 00:01:21

Health: 0/40       AC: 10    Str: 12    XL:     6   Next: 34%
Magic:  6/6        EV: 10    Int: 13    God:
Gold:   127        SH:  0    Dex: 14    Spells: 6/7 levels left

rFire   . . .        Y - +2 sling
rCold   . . .        (no shield)
rNeg    + . .        h - +0 ring mail
rPois   inf          (no helmet)
rElec   +            (no cloak)
rCorr   .            g - +0 pair of gloves
SInv    .            (no boots)
Will    .....        (no amulet)
Stlth   +            (no ring)
HPRegen 0.26/turn    (no ring)
MPRegen 0.10/turn

%: no passive effects
@: no status effects
A: sickness immunity, AC +4, negative energy resistance 1, electricity
resistance, torment resistance 1, petrification resistance, low MP 1, robust 1
a: no special abilities


You were on level 4 of the Dungeon.
You visited 1 branch of the dungeon, and saw 4 of its levels.

You collected 127 gold pieces.


Innate Abilities, Weirdness & Mutations

You are immune to sickness and miasma.
Your stone body is resilient. (AC +4)
You are immune to poison.
You resist negative energy. (rN+)
You are resistant to electric shocks. (rElec)
You are resistant to unholy torment.
You are immune to petrification.
Your magical capacity is low. (-10% MP)
You are robust. (+10% HP)


   Skills:
 - Level 3.1 Fighting
 + Level 5.6 Ranged Weapons
 - Level 1.1 Armour
 - Level 1.5 Dodging
 - Level 1.0 Spellcasting
 - Level 2.6 Hexes


You had 6 spell levels left.
You knew the following spells:

 Your Spells              Type           Power      Damage    Failure   Level
a - Slow                  Hex            28%        N/A       22%         1

Your spell library contained the following spells:

 Spells                   Type           Power      Damage    Failure   Level
 Inner Flame              Hex/Fire       4%         N/A       73%         3
 Portal Projectile        Hex/Tloc       8%         N/A       73%         3
 Cause Fear               Hex            3%         N/A       91%         4

Inventory:

Hand Weapons
 Y - a +2 sling (weapon)
Armour
 g - a +0 pair of gloves (worn)
 h - a +0 ring mail (worn)
Potions
 a - a potion of attraction {unknown}
 b - a potion of magic {unknown}
 d - a potion of curing
 f - a potion of resistance {unknown}
 j - a potion of degeneration {unknown}

Dungeon Overview and Level Annotations

Branches:
Dungeon (4/15)
 Temple: D:4-7

Altars:
Trog
Wu Jian
Xom
Zin
The Shining One


Message History

The phantom hits you.
You shoot a sling bullet.
The sling bullet closely misses the phantom.
The phantom hits you but does no damage.
You shoot a sling bullet.
The sling bullet hits the phantom but does no damage.
The phantom is heavily damaged.
The phantom hits you.
The phantom blinks!
You blink.
Found a stone staircase leading down.
Enter note:
Enter note: You shoot a sling bullet.
The sling bullet hits the phantom.
The phantom is severely damaged.
The phantom hits you but does no damage.
You shoot a sling bullet. The sling bullet hits the phantom.
The phantom is severely damaged.
The phantom hits you.
The phantom blinks!
You blink.
A hobgoblin comes into view.
The phantom barely misses you.
A hound comes into view.
Enter note:
Enter note: You shoot a sling bullet.
The sling bullet misses the phantom.
The hound barks!
The hobgoblin shouts!
The phantom hits you.
The phantom blinks!
You blink.
You shoot a sling bullet.
The sling bullet barely misses the phantom.
The phantom hits you but does no damage.
You shoot a sling bullet.
The sling bullet closely misses the phantom.
The phantom barely misses you.
You shoot a sling bullet. The sling bullet hits the phantom.
The phantom is almost destroyed.
The hound barely misses you.
The phantom hits you but does no damage.
The hound bites you. The phantom hits you.
You shoot a sling bullet. The sling bullet misses the phantom.
The hound bites you but does no damage. The hound bites you.
You die...

..# .#
###..#####............
#...........#.#.#.....
###..#.##..#............
.......##..#..#.#.#.....
.#.#.#.##..#............
.....).##..#..#.#.#.....
.#.#.#..........W.......
.....ยค.#........@h......
.#.#.#.....).#..####....
.......#####.#..........
.#.#.#.# #.....>...#.
.......# #.#.......g.
###..### #.#..####.#.
####.# #.#..# .. .....#
####.# ### . #.##.# #_#..
#_#


You could see a phantom and a hound.

Vanquished Creatures
  A water moccasin skeleton (D:3)
  An iguana (D:4)
  2 scorpion zombies (D:3)
  2 hound zombies (D:3)
  A howler monkey skeleton (D:3)
  3 adders
  A gnoll (D:1)
  2 adder skeletons (D:3)
  An adder zombie (D:3)
  A worm (D:4)
  2 dart slugs (D:1)
  6 endoplasms
  3 giant cockroaches
  6 hobgoblins
  11 jackals
  5 quokkas
  10 ball pythons
  10 bats
  3 frilled lizards
  6 goblins
  5 kobolds
  2 quokka zombies (D:3)
  3 rats
87 creatures vanquished.

Notes
Turn   | Place    | Note
-------+----------+-------------------------------------------
     0 | D:1      | qw the Gargoyle Hexslinger began the quest for the Orb.
     0 | D:1      | Reached XP level 1. HP: 12/12 MP: 2/2
     0 | D:1      | 0 ||| qw: Version: 0.3-a-46-gb1f654a
     0 | D:1      | 0 ||| qw: Game counter: 2912
     0 | D:1      | 0 ||| qw: Melee chars always use a shield: true
     0 | D:1      | 0 ||| qw: God list: Okawaru
     0 | D:1      | 0 ||| qw: Allow faded altars: false
     0 | D:1      | 0 ||| qw: Do Orc after clearing Dungeon:15 true
     0 | D:1      | 0 ||| qw: Do second Lair branch before Depths: true
     0 | D:1      | 0 ||| qw: Lair rune preference: random
     0 | D:1      | 0 ||| qw: Goals: Normal
     0 | D:1      | 0 ||| PLANNING D:1-11
   140 | D:1      | HP: 3/12 [jackal (2)]
   141 | D:1      | HP: 1/12 [jackal (2)]
   143 | D:1      | Reached XP level 2. HP: 2/16 MP: 3/3
   307 | D:1      | Reached skill level 3 in Ranged Weapons
   470 | D:1      | Reached XP level 3. HP: 20/21 MP: 4/4
   793 | D:1      | 793 ||| UPGRADING to +0 pair of gloves.
   798 | D:1      | 798 ||| DROPPING +6 ring of intelligence.
   799 | D:1      | 799 ||| READING scroll labelled JAICIP CAT.
   800 | D:1      | 800 ||| READING scroll labelled XUELEPH DEAC.
   801 | D:1      | 801 ||| DROPPING scroll of poison.
  1034 | D:2      | Reached XP level 4. HP: 26/26 MP: 5/5
  1188 | D:2      | Reached skill level 4 in Ranged Weapons
  1436 | D:2      | 1436 ||| READING scroll labelled ENKU UPLYMUL.
  1437 | D:2      | 1437 ||| DRINKING 2 bubbling blue potions.
  1438 | D:2      | 1438 ||| DRINKING 2 white potions.
  1438 | D:2      | Gained mutation: You are occasionally teleported next to
                  | monsters. [potion of mutation]
  1438 | D:2      | Gained mutation: You are somewhat resistant to further
                  | mutation. [potion of mutation]
  1439 | D:2      | 1439 ||| DRINKING potion of mutation.
  1439 | D:2      | Lost mutation: You are occasionally teleported next to
                  | monsters. [potion of mutation]
  1439 | D:2      | Lost mutation: You are somewhat resistant to further
                  | mutation. [potion of mutation]
  1439 | D:2      | Gained mutation: Your magical capacity is low. (-10% MP)
                  | [potion of mutation]
  1439 | D:2      | Gained mutation: You are robust. (+10% HP) [potion of
                  | mutation]
  1660 | D:3      | Reached XP level 5. HP: 31/33 MP: 5/5
  1794 | D:3      | Reached skill level 5 in Ranged Weapons
  2019 | D:3      | Reached skill level 3 in Fighting
  2019 | D:3      | Reached XP level 6. HP: 38/40 MP: 6/6
  2467 | D:3      | 2467 ||| UPGRADING to +0 ring mail.
  2477 | D:3      | 2477 ||| DROPPING +0 robe.
  2478 | D:3      | 2478 ||| READING scroll labelled YPTUWO KERPHELO.
  2479 | D:3      | 2479 ||| READING scroll labelled KIRUVV BOMP.
  2480 | D:3      | 2480 ||| READING scroll labelled IHUMIU WALYI.
  2604 | D:4      | Reached skill level 1 in Armour
  2610 | D:4      | Found a bloodstained altar of Trog.
  2613 | D:4      | Found a glowing silver altar of Zin.
  2613 | D:4      | Found an ornate altar of the Wu Jian Council.
  2626 | D:4      | Found a glowing golden altar of the Shining One.
  2629 | D:4      | Found a shimmering altar of Xom.
  2707 | D:4      | HP: 10/40 [phantom (2)]
  2711 | D:4      | HP: 3/40 [phantom (5)]
  2712 | D:4      | Slain by a hound

Levels and vault maps discovered:
D:1:      scummos_arrival_gate, layout_loops_cross,
          minmay_misc_feat_more_columns
D:2:      minmay_wonky_spiral, layout_rooms
D:3:      layout_loops_corners, serial_undead, serial_undead_a, serial_undead_a,
          serial_undead_f, serial_undead_a, serial_undead_d, serial_undead_c,
          serial_undead_c, serial_undead_d, nicolae_twisty_statue_hallways
D:4:      layout_loops_ring, minmay_overflow_temple_star_hex,
          gammafunk_ghost_abyssal_escape, serial_glass, glass_columns_b,
          glass_columns_c, glass_columns_b, glass_columns_b, due_unseen_surprise

Skill      XL: |  1  2  3  4  5  6 |
---------------+-------------------+-----
Ranged Weapons | 3 4 5 |  5.6
Fighting       | 2 3 |  3.1
Armour         | 1 |  1.1
Dodging        | |  1.5
Spellcasting   | |  1.0
Hexes          | |  2.6

Action                     |  1- 3 |  4- 6 || total
---------------------------+-------+-------++-------
   Fire: Sling             |   143 |   237 ||   380
    Use: Scroll            |     2 |     4 ||     6
         Potion            |       |     3 ||     3
 Armour: Robe              |    23 |    36 ||    59
         Ring mail         |       |    19 ||    19
  Dodge: Dodged            |    59 |    79 ||   138

Table legend:
 A = Non-vault XP
 B = Vault XP
 C = Vault XP percentage of total XP
 D = Non-vault monster count
 E = Vault monster count
 F = Vault count percentage of total count
                 A         B        C        D         E       F
            +---------+---------+-------+---------+---------+-------
      Total |     205 |     216 |  51.3 |      71 |      16 |  18.4
            +---------+---------+-------+---------+---------+-------
        D:1 |      62 |       0 |   0.0 |      29 |       0 |   0.0
        D:2 |      47 |       8 |  14.5 |      21 |       5 |  19.2
        D:3 |      23 |     208 |  90.0 |      14 |      11 |  44.0
        D:4 |      73 |       0 |   0.0 |       7 |       0 |   0.0
            +---------+---------+-------+---------+---------+-------
